Inferno vs Gangsters
(R1)
Created - 11 septembre 2014 at 19:04
Simulating a Pre-Season
Goals
|
| Inferno |
1 |
3 |
2 |
6 |
| Gangsters |
2 |
0 |
1 |
3 |
|
Shots
|
| Inferno |
7 |
9 |
14 |
30 |
| Gangsters |
11 |
10 |
13 |
34 |
|
1st period
1. Inferno , Alex Berry 1 (Cal O'Reilly, Travis Hamonic) at 3:46
2. Gangsters , Jakob Silfverberg 4 (Ville Koistinen, Igor Radulov) at 14:25
3. Gangsters , Jakob Silfverberg 5 (Igor Radulov, Bryan Young) at 14:58 (PP)
Penalties :
Colten Teubert (Bro) for Tripping (Minor) at 6:20, Brad Marchand (Anc) for Interference (Minor) at 14:28, Richard Panik (Bro) for Interference (Minor) at 15:39
2nd period
4. Inferno , Stephane Veilleux 1 (Vladimir Sobotka, Andrej Meszaros) at 1:08 (PP)
5. Inferno , Brian Boyle 1 (Pavel Vorobiev) at 13:20
6. Inferno , Vladimir Zharkov 1 (Stephane Veilleux, Yannick Weber) at 15:51
Penalties :
Jaroslav Balastik (Bro) for Hooking (Minor) at 0:32, Jonathan Ferland (Anc) for High sticking (Minor) at 2:18, Michael Sdao (Bro) for Hooking (Minor) at 8:17, Andrej Sekera (Anc) for Hooking (Minor) at 17:24
3rd period
7. Inferno , David Ullstrom 1 (Brian Boyle, Pavel Vorobiev) at 7:03
8. Inferno , Stephane Veilleux 2 (Vladimir Sobotka, Brendan Mikkelson) at 10:53
9. Gangsters , Alexandre Bolduc 2 (Jakob Silfverberg, Bryan Young) at 12:23 (PP)
Penalties :
Colin Wilson (Anc) for Roughing (Minor) at 8:37, Brad Marchand (Anc) for Holding (Minor) at 12:09, Vladimir Zharkov (Anc) for Hooking (Minor) at 14:07, Vladimir Sobotka (Anc) for Holding (Minor) at 18:27
Goalie Stats
Josh Harding (Anc), 31 saves from 34 shots - (0,912), W, 1-1-0, 60:00 minutes
David LeNeveu (Bro), 11 saves from 15 shots - (0,733), L, 0-2-0, 35:51 minutes
Dustin Tokarski (Bro), 13 saves from 15 shots - (0,867), 24:09 minutes
Players Stats for Inferno
Player Name G A P +/- PIM S H SB GA TA FO MP PP MP PK MP
------------------------------------------------------------------------------------
Alex Berry 1 0 1 1 0 2 1 1 1 0 0/0 7:47 0:03 0:00
Andrej Meszaros 0 1 1 0 0 5 2 2 0 1 0/0 25:53 3:19 4:18
Andrej Sekera 0 0 0 -1 2 2 1 2 0 0 0/0 27:43 3:19 4:40
Brad Marchand 0 0 0 -1 4 4 1 0 0 0 2/2 23:22 3:20 4:05
Brendan Mikkelson 0 1 1 1 0 0 0 1 0 0 0/0 15:27 0:00 4:47
Brian Boyle 1 1 2 2 0 2 3 0 1 0 5/14 13:55 0:00 5:59
Cal O'Reilly 0 1 1 1 0 2 0 1 1 0 0/3 10:32 0:03 2:43
Colin Wilson 0 0 0 -1 2 0 1 0 0 0 20/42 19:22 3:20 0:00
David Ullstrom 1 0 1 2 0 1 1 1 1 0 0/0 7:50 0:00 0:00
Jonathan Ferland 0 0 0 -1 2 2 2 0 0 2 1/2 23:35 3:20 4:09
Mark Mitera 0 0 0 0 0 1 0 0 0 0 0/0 10:19 0:00 0:45
Matt Kassian 0 0 0 1 0 0 1 0 0 0 0/0 7:47 0:03 0:00
Pavel Vorobiev 0 2 2 2 0 0 1 1 0 0 0/0 7:50 0:00 0:00
Stephane Veilleux 2 1 3 2 0 4 3 0 0 2 1/1 16:57 3:10 2:11
Travis Hamonic 0 1 1 4 0 2 0 1 0 1 0/0 24:33 3:14 5:54
Vladimir Sobotka 0 2 2 2 2 1 2 0 0 0 6/13 16:00 3:10 1:17
Vladimir Zharkov 1 0 1 2 2 2 0 0 0 0 0/0 14:43 3:10 0:00
Yannick Weber 0 1 1 4 0 0 0 1 0 0 0/0 16:06 3:14 0:00
Players Stats for Gangsters
Player Name G A P +/- PIM S H SB GA TA FO MP PP MP PK MP
------------------------------------------------------------------------------------
Alexandre Bolduc 1 0 1 -1 0 1 0 0 1 0 17/37 22:22 5:09 0:17
Artem Anisimov 0 0 0 -1 0 5 1 1 1 0 9/15 16:46 4:32 0:00
Brock Bradford 0 0 0 -2 0 0 2 0 0 0 2/4 10:23 0:00 1:31
Bryan Young 0 2 2 -1 0 2 4 2 0 0 0/0 31:45 6:19 4:07
Chris Bourque 0 0 0 -2 0 4 1 1 2 0 1/2 10:40 0:31 1:17
Colten Teubert 0 0 0 0 2 0 0 0 0 1 0/0 3:43 0:00 0:00
Dave Dziurzynski 0 0 0 0 0 0 0 0 0 0 0/0 5:56 0:00 0:00
Igor Radulov 0 2 2 -1 0 1 4 0 0 0 8/11 25:31 5:24 3:39
Jakob Silfverberg 2 1 3 -1 0 8 3 2 0 1 1/3 23:24 5:24 1:51
Jaroslav Balastik 0 0 0 -1 2 2 0 0 2 0 0/0 19:46 4:32 2:57
Matt Delahey 0 0 0 -3 0 0 0 1 0 0 0/0 20:12 3:41 0:29
Maxime Sauvé 0 0 0 0 0 1 0 0 0 0 3/4 5:56 0:00 0:00
Michael Sdao 0 0 0 -1 2 1 1 1 0 0 0/0 11:56 0:12 1:35
Mikko Lehtonen 0 0 0 -2 0 2 0 1 0 0 0/0 8:44 0:16 0:00
Richard Panik 0 0 0 -1 2 1 0 0 0 0 1/1 16:46 4:32 0:00
Ryan Keller 0 0 0 0 0 1 0 0 0 0 0/0 8:03 0:16 1:51
Shaun Heska 0 0 0 -3 0 1 3 1 0 1 0/0 20:44 3:59 2:44
Ville Koistinen 0 1 1 0 0 4 1 2 0 1 0/0 30:46 6:13 3:54
3 Stars
1 - Stephane Veilleux (Anc)
2 - Jakob Silfverberg (Bro)
3 - Brian Boyle (Anc)
Power Play
Inferno - 1 on 4 Attempt(s) - 25,00%
Gangsters - 2 on 7 Attempt(s) - 28,57%
Penalty Kill
Inferno - 5 on 7 Attempt(s) - 71,43%
- Score 0 goal in Penalty Kill
Gangsters - 3 on 4 Attempt(s) - 75,00%
- Score 0 goal in Penalty Kill
Official
Referees : Sutherland Kelly and Banfield David
Linesman : Steve Miller and Jonny Murray
Game Notes
Colten Teubert is injured at 10:25 of 1st period (Right Knee)
Dustin Tokarski enters game at 15:51 of 2nd period
Inferno
5 vs 5 Forward
Center Left Wing Right Wing Time % Phy DF OF
1 Colin Wilson Brad Marchand Jonathan Ferland 40 1 2 2
2 Vladimir Sobotka Stephane Veilleux Vladimir Zharkov 30 1 2 2
3 Brian Boyle David Ullstrom Pavel Vorobiev 20 1 2 2
4 Cal O'Reilly Matt Kassian Alex Berry 10 1 2 2
5 vs 5 Defense
Defense Defense Time % Phy DF OF
1 Andrej Meszaros Andrej Sekera 40 1 2 2
2 Travis Hamonic Yannick Weber 30 1 2 2
3 Brendan Mikkelson Mark Mitera 20 1 2 2
4 Travis Hamonic Andrej Sekera 10 1 2 2
PowerPlay Forward
Center Left Wing Right Wing Time % Phy DF OF
1 Colin Wilson Brad Marchand Jonathan Ferland 60 1 1 3
2 Vladimir Sobotka Stephane Veilleux Vladimir Zharkov 40 1 1 3
PowerPlay Defense
Defense Defense Time % Phy DF OF
1 Andrej Meszaros Andrej Sekera 60 1 1 3
2 Travis Hamonic Yannick Weber 40 1 1 3
Penalty Kill 4 Players Forward
Center Wing Time % Phy DF OF
1 Brian Boyle Jonathan Ferland 60 1 4 0
2 Vladimir Sobotka Brad Marchand 40 1 4 0
Penalty Kill 4 Players Defense
Defense Defense Time % Phy DF OF
1 Travis Hamonic Andrej Sekera 60 1 4 0
2 Andrej Meszaros Brendan Mikkelson 40 1 4 0
Penalty Kill - 3 Players Forward
Forward Time % Phy DF OF
1 Vladimir Sobotka 60 1 4 0
2 Brad Marchand 40 1 4 0
Penalty Kill - 3 Players Defense
Defense Defense Time % Phy DF OF
1 Travis Hamonic Andrej Sekera 60 1 4 0
2 Andrej Meszaros Brendan Mikkelson 40 1 4 0
4 vs 4 Forward
Center Wing Time % Phy DF OF
1 Colin Wilson Brad Marchand 60 1 2 2
2 Vladimir Sobotka Jonathan Ferland 40 1 2 2
4 vs 4 Defense
Defense Defense Time % Phy DF OF
1 Andrej Meszaros Andrej Sekera 60 1 2 2
2 Travis Hamonic Yannick Weber 40 1 2 2
Last Minutes Offensive
Center Left Wing Right Wing Defense Defense
Colin Wilson Brad Marchand Jonathan Ferland Andrej Meszaros Andrej Sekera
Last Minutes Defensive
Center Left Wing Right Wing Defense Defense
Vladimir Sobotka Brad Marchand Jonathan Ferland Travis Hamonic Andrej Sekera
Goaltenders
Starting : Josh Harding
Backup : Jonathan Boutin
Extra Forwards
Normal : Brad Marchand, Jonathan Ferland, Vladimir Sobotka - PP : Stephane Veilleux, Cal O'Reilly - PK : Brad Marchand
Extra Defensemen
Normal : Andrej Sekera, Travis Hamonic, Brendan Mikkelson - PP : Yannick Weber - PK : Brendan Mikkelson, Andrej Sekera
Penalty Shots
Stephane Veilleux, Colin Wilson, Brad Marchand, Jonathan Ferland, Vladimir Zharkov
Gangsters
5 vs 5 Forward
Center Left Wing Right Wing Time % Phy DF OF
1 Alexandre Bolduc Igor Radulov Jakob Silfverberg 40 1 2 2
2 Artem Anisimov Jaroslav Balastik Richard Panik 30 1 2 2
3 Brock Bradford Chris Bourque Mikko Lehtonen 20 1 2 2
4 Maxime Sauvé Dave Dziurzynski Ryan Keller 10 1 2 2
5 vs 5 Defense
Defense Defense Time % Phy DF OF
1 Ville Koistinen Bryan Young 40 1 2 2
2 Shaun Heska Colten Teubert 30 1 2 2
3 Matt Delahey Michael Sdao 20 1 2 2
4 Ville Koistinen Bryan Young 10 1 2 2
PowerPlay Forward
Center Left Wing Right Wing Time % Phy DF OF
1 Alexandre Bolduc Igor Radulov Jakob Silfverberg 60 1 2 2
2 Artem Anisimov Jaroslav Balastik Richard Panik 40 1 2 2
PowerPlay Defense
Defense Defense Time % Phy DF OF
1 Ville Koistinen Bryan Young 60 1 2 2
2 Shaun Heska Colten Teubert 40 1 2 2
Penalty Kill 4 Players Forward
Center Wing Time % Phy DF OF
1 Igor Radulov Jaroslav Balastik 60 1 2 2
2 Jakob Silfverberg Ryan Keller 40 1 2 2
Penalty Kill 4 Players Defense
Defense Defense Time % Phy DF OF
1 Ville Koistinen Bryan Young 60 1 2 2
2 Shaun Heska Colten Teubert 40 1 2 2
Penalty Kill - 3 Players Forward
Forward Time % Phy DF OF
1 Igor Radulov 60 1 2 2
2 Jaroslav Balastik 40 1 2 2
Penalty Kill - 3 Players Defense
Defense Defense Time % Phy DF OF
1 Ville Koistinen Bryan Young 60 1 2 2
2 Shaun Heska Colten Teubert 40 1 2 2
4 vs 4 Forward
Center Wing Time % Phy DF OF
1 Igor Radulov Jaroslav Balastik 60 1 2 2
2 Jakob Silfverberg Ryan Keller 40 1 2 2
4 vs 4 Defense
Defense Defense Time % Phy DF OF
1 Ville Koistinen Bryan Young 60 1 2 2
2 Shaun Heska Colten Teubert 40 1 2 2
Last Minutes Offensive
Center Left Wing Right Wing Defense Defense
Alexandre Bolduc Igor Radulov Jakob Silfverberg Ville Koistinen Bryan Young
Last Minutes Defensive
Center Left Wing Right Wing Defense Defense
Alexandre Bolduc Igor Radulov Jakob Silfverberg Ville Koistinen Bryan Young
Goaltenders
Starting : David LeNeveu
Backup : Dustin Tokarski
Extra Forwards
Normal : Chris Bourque, Mikko Lehtonen, Brock Bradford - PP : Chris Bourque, Mikko Lehtonen - PK : Brock Bradford
Extra Defensemen
Normal : Matt Delahey, Michael Sdao, Shaun Heska - PP : Matt Delahey - PK : Michael Sdao, Shaun Heska
Penalty Shots
Igor Radulov, Jaroslav Balastik, Jakob Silfverberg, Ryan Keller, Chris Bourque
% Time on Ice - Inferno
Lines # - Real PCT - Wanted PCT - Time Play
Normal Forward
1 - 38% - 40% - 16:27
2 - 27% - 30% - 11:34
3 - 18% - 20% - 7:50
4 - 17% - 10% - 7:24
Normal Defense
1 - 41% - 40% - 17:55
2 - 32% - 30% - 13:56
3 - 22% - 20% - 9:34
4 - 4% - 10% - 1:50
PP Forward
1 - 52% - 60% - 3:23
2 - 48% - 40% - 3:10
PP Defense
1 - 51% - 60% - 3:19
2 - 49% - 40% - 3:14
PK Forward
1 - 83% - 60% - 8:26
2 - 17% - 40% - 1:46
PK Defense
1 - 65% - 60% - 6:39
2 - 35% - 40% - 3:33
PK3 Forward
1 - 0% - 60%
2 - 0% - 40%
PK3 Defense
1 - 0% - 60%
2 - 0% - 40%
44 Forward
1 - 0% - 60%
2 - 0% - 40%
44 Defense
1 - 0% - 60%
2 - 0% - 40%
Last Minute Offensive - 0:00
Last Minute Defensive - 0:00
Total
Forward - 60:00
Defense - 60:00
|
% Time on Ice - Gangsters
Lines # - Real PCT - Wanted PCT - Time Play
Normal Forward
1 - 38% - 40% - 16:37
2 - 28% - 30% - 12:14
3 - 20% - 20% - 8:28
4 - 14% - 10% - 5:56
Normal Defense
1 - 42% - 40% - 17:59
2 - 34% - 30% - 14:46
3 - 20% - 20% - 8:34
4 - 4% - 10% - 1:56
PP Forward
1 - 56% - 60% - 5:40
2 - 44% - 40% - 4:32
PP Defense
1 - 61% - 60% - 6:13
2 - 39% - 40% - 3:59
PK Forward
1 - 72% - 60% - 4:42
2 - 28% - 40% - 1:51
PK Defense
1 - 51% - 60% - 3:20
2 - 49% - 40% - 3:13
PK3 Forward
1 - 0% - 60%
2 - 0% - 40%
PK3 Defense
1 - 0% - 60%
2 - 0% - 40%
44 Forward
1 - 0% - 60%
2 - 0% - 40%
44 Defense
1 - 0% - 60%
2 - 0% - 40%
Last Minute Offensive - 0:00
Last Minute Defensive - 0:00
Total
Forward - 60:00
Defense - 60:00
|
Play by Play
1st period
0:01 of 1st period - Alexandre Bolduc wins face-off versus Colin Wilson in neutral zone.
0:08 of 1st period - Slapshot by Jakob Silfverberg.
0:08 of 1st period - Deflect By Igor Radulov.
0:08 of 1st period - Stopped by Josh Harding without a rebound.
0:09 of 1st period - Alexandre Bolduc wins face-off versus Colin Wilson in Inferno zone.
0:10 of 1st period - Snap shot by Jakob Silfverberg.
0:10 of 1st period - Stopped by Josh Harding without a rebound.
0:11 of 1st period - Artem Anisimov wins face-off versus Vladimir Sobotka in Inferno zone.
1:00 of 1st period - Jakob Silfverberg is hit by Jonathan Ferland.
1:26 of 1st period - Snap shot by Dave Dziurzynski.
1:26 of 1st period - Shot Misses the Net.
1:28 of 1st period - Slapshot by Bryan Young.
1:28 of 1st period - Shot Misses the Net.
2:54 of 1st period - Slapshot by Cal O'Reilly.
2:54 of 1st period - Stopped by David LeNeveu with a rebound.
3:00 of 1st period - Snap shot by Cal O'Reilly.
3:00 of 1st period - Shot Blocked by Matt Delahey.
3:02 of 1st period - Wrist shot by Alex Berry.
3:02 of 1st period - Shot Misses the Net.
3:24 of 1st period - Slapshot by Yannick Weber.
3:24 of 1st period - Shot Misses the Net.
3:34 of 1st period - Snap shot by Alex Berry.
3:34 of 1st period - Stopped by David LeNeveu with a rebound.
3:36 of 1st period - Slapshot by Travis Hamonic.
3:36 of 1st period - Stopped by David LeNeveu with a rebound.
3:44 of 1st period - Snap shot by Alex Berry.
3:44 of 1st period - Shot Hit the Post.
3:46 of 1st period - Wrist shot by Alex Berry.
3:46 of 1st period - Goal by Alex Berry - Inferno : 1 - Gangsters : 0.
3:47 of 1st period - Colin Wilson wins face-off versus Igor Radulov in neutral zone.
4:14 of 1st period - Mikko Lehtonen is hit by Pavel Vorobiev and loses puck.
4:25 of 1st period - Wrist shot by Brock Bradford.
4:25 of 1st period - Shot Blocked by Andrej Meszaros.
4:27 of 1st period - Wrist shot by Bryan Young.
4:27 of 1st period - Deflect By Mikko Lehtonen.
4:27 of 1st period - Stopped by Josh Harding without a rebound.
4:28 of 1st period - Vladimir Sobotka wins face-off versus Maxime Sauvé in Inferno zone.
4:55 of 1st period - Jonathan Ferland is hit by Igor Radulov and loses puck.
5:40 of 1st period - Artem Anisimov is hit by Andrej Meszaros and loses puck.
6:01 of 1st period - Slapshot by Brad Marchand.
6:01 of 1st period - Shot Blocked by Shaun Heska.
6:20 of 1st period - Minor Penalty to Colten Teubert for Tripping.
6:21 of 1st period - Colin Wilson wins face-off versus Igor Radulov in Gangsters zone.
8:20 of 1st period - Penalty to Colten Teubert is over, Colten Teubert is back on ice.
8:27 of 1st period - Slapshot by Brock Bradford.
8:27 of 1st period - Shot Misses the Net.
8:52 of 1st period - Slapshot by Andrej Meszaros.
8:52 of 1st period - Stopped by David LeNeveu with a rebound.
9:26 of 1st period - Bryan Young is hit by Alex Berry.
10:24 of 1st period - Colten Teubert is hit by Matt Kassian and loses puck.
10:25 of 1st period - Colten Teubert from Gangsters is injured at 10:25 of 1st period (Right Knee).
10:26 of 1st period - Colin Wilson wins face-off versus Alexandre Bolduc in Gangsters zone.
10:37 of 1st period - Snap shot by Brad Marchand.
10:37 of 1st period - Stopped by David LeNeveu with a rebound.
10:39 of 1st period - Wrist shot by Brad Marchand.
10:39 of 1st period - Stopped by David LeNeveu with a rebound.
10:41 of 1st period - Slapshot by Travis Hamonic.
10:41 of 1st period - Shot Misses the Net.
10:51 of 1st period - Vladimir Sobotka is hit by Brock Bradford and loses puck.
11:23 of 1st period - Snap shot by Pavel Vorobiev.
11:23 of 1st period - Shot Blocked by Michael Sdao.
11:37 of 1st period - Slapshot by Artem Anisimov.
11:37 of 1st period - Shot Blocked by Brendan Mikkelson.
11:59 of 1st period - Wrist shot by Igor Radulov.
11:59 of 1st period - Shot Blocked by Alex Berry.
12:01 of 1st period - Slapshot by Bryan Young.
12:01 of 1st period - Stopped by Josh Harding with a rebound.
12:03 of 1st period - Wrist shot by Jakob Silfverberg.
12:03 of 1st period - Stopped by Josh Harding with a rebound.
12:21 of 1st period - Wrist shot by Stephane Veilleux.
12:21 of 1st period - Deflect By Vladimir Zharkov.
12:21 of 1st period - Shot Misses the Net.
12:21 of 1st period - Puck is out of play.
12:22 of 1st period - Colin Wilson wins face-off versus Alexandre Bolduc in Gangsters zone.
12:35 of 1st period - Backhand shot by Igor Radulov.
12:35 of 1st period - Shot Blocked by Andrej Sekera.
12:37 of 1st period - Slapshot by Bryan Young.
12:37 of 1st period - Shot Hit the Post.
12:52 of 1st period - Stephane Veilleux is hit by Shaun Heska and loses puck.
13:19 of 1st period - Icing by Travis Hamonic.
13:20 of 1st period - Alexandre Bolduc wins face-off versus Brian Boyle in Inferno zone.
13:23 of 1st period - Slapshot by Jakob Silfverberg.
13:23 of 1st period - Shot Misses the Net.
13:25 of 1st period - Wrist shot by Shaun Heska.
13:25 of 1st period - Deflect By Igor Radulov.
13:25 of 1st period - Shot Misses the Net.
13:25 of 1st period - Puck is out of play.
13:26 of 1st period - Colin Wilson wins face-off versus Jakob Silfverberg in Inferno zone.
14:11 of 1st period - Snap shot by Artem Anisimov.
14:11 of 1st period - Stopped by Josh Harding with a rebound.
14:13 of 1st period - Slapshot by Shaun Heska.
14:13 of 1st period - Stopped by Josh Harding without a rebound.
14:14 of 1st period - Brock Bradford wins face-off versus Brian Boyle in Inferno zone.
14:19 of 1st period - Wrist shot by Mikko Lehtonen.
14:19 of 1st period - Deflect By Brock Bradford.
14:19 of 1st period - Shot Blocked by Travis Hamonic.
14:19 of 1st period - Puck is out of play.
14:20 of 1st period - Alexandre Bolduc wins face-off versus Colin Wilson in Inferno zone.
14:21 of 1st period - Slapshot by Igor Radulov.
14:21 of 1st period - Shot Blocked by Andrej Sekera.
14:23 of 1st period - Snap shot by Jakob Silfverberg.
14:23 of 1st period - Stopped by Josh Harding with a rebound.
14:25 of 1st period - Slapshot by Ville Koistinen.
14:25 of 1st period - Deflect By Jakob Silfverberg.
14:25 of 1st period - Goal by Jakob Silfverberg - Inferno : 1 - Gangsters : 1.
14:26 of 1st period - Colin Wilson wins face-off versus Igor Radulov in neutral zone.
14:28 of 1st period - Minor Penalty to Brad Marchand for Interference.
14:29 of 1st period - Brian Boyle wins face-off versus Alexandre Bolduc in Inferno zone.
14:41 of 1st period - Wrist shot by Igor Radulov.
14:41 of 1st period - Shot Misses the Net.
14:43 of 1st period - Wrist shot by Jakob Silfverberg.
14:43 of 1st period - Stopped by Josh Harding without a rebound.
14:44 of 1st period - Alexandre Bolduc wins face-off versus Brian Boyle in Inferno zone.
14:47 of 1st period - Snap shot by Alexandre Bolduc.
14:47 of 1st period - Shot Misses the Net.
14:58 of 1st period - Backhand shot by Jakob Silfverberg.
14:58 of 1st period - Goal by Jakob Silfverberg - Inferno : 1 - Gangsters : 2.
14:59 of 1st period - Alexandre Bolduc wins face-off versus Colin Wilson in neutral zone.
15:14 of 1st period - Andrej Sekera is hit by Igor Radulov.
15:39 of 1st period - Minor Penalty to Richard Panik for Interference.
15:40 of 1st period - Igor Radulov wins face-off versus Colin Wilson in Gangsters zone.
17:39 of 1st period - Penalty to Richard Panik is over, Richard Panik is back on ice.
17:49 of 1st period - Chris Bourque is hit by Brian Boyle and loses puck.
19:06 of 1st period - Wrist shot by Ryan Keller.
19:06 of 1st period - Shot Misses the Net.
19:22 of 1st period - Jaroslav Balastik is hit by Brian Boyle and loses puck.
19:35 of 1st period - Ville Koistinen is hit by Vladimir Sobotka and loses puck.
19:39 of 1st period - Icing by Matt Delahey.
19:40 of 1st period - Vladimir Sobotka wins face-off versus Brock Bradford in Gangsters zone.
Goals for this period are 1 for Inferno vs 2 for Gangsters.
Shots for this period are 7 for Inferno vs 11 for Gangsters.
2nd period
0:01 of 2nd period - Colin Wilson wins face-off versus Alexandre Bolduc in neutral zone.
0:06 of 2nd period - Snap shot by Colin Wilson.
0:06 of 2nd period - Shot Blocked by Bryan Young.
0:08 of 2nd period - Wrist shot by Colin Wilson.
0:08 of 2nd period - Deflect By Jonathan Ferland.
0:08 of 2nd period - Stopped by David LeNeveu without a rebound.
0:09 of 2nd period - Alexandre Bolduc wins face-off versus Colin Wilson in Gangsters zone.
0:15 of 2nd period - Andrej Meszaros is hit by Bryan Young.
0:21 of 2nd period - Backhand shot by Colin Wilson.
0:21 of 2nd period - Shot Misses the Net.
0:23 of 2nd period - Slapshot by Andrej Sekera.
0:23 of 2nd period - Shot Misses the Net.
0:29 of 2nd period - Snap shot by Brad Marchand.
0:29 of 2nd period - Stopped by David LeNeveu without a rebound.
0:30 of 2nd period - Artem Anisimov wins face-off versus Vladimir Sobotka in Gangsters zone.
0:32 of 2nd period - Minor Penalty to Jaroslav Balastik for Hooking.
0:33 of 2nd period - Igor Radulov wins face-off versus Colin Wilson in Gangsters zone.
0:58 of 2nd period - Vladimir Zharkov is hit by Chris Bourque and loses puck.
1:08 of 2nd period - Snap shot by Stephane Veilleux.
1:08 of 2nd period - Goal by Stephane Veilleux - Inferno : 2 - Gangsters : 2.
1:09 of 2nd period - Artem Anisimov wins face-off versus Colin Wilson in neutral zone.
1:14 of 2nd period - Snap shot by Artem Anisimov.
1:14 of 2nd period - Shot Misses the Net.
1:16 of 2nd period - Wrist shot by Richard Panik.
1:16 of 2nd period - Stopped by Josh Harding without a rebound.
1:17 of 2nd period - Colin Wilson wins face-off versus Artem Anisimov in Inferno zone.
1:17 of 2nd period - Colin Wilson is hit by Bryan Young.
1:24 of 2nd period - Off-side.
1:25 of 2nd period - Colin Wilson wins face-off versus Alexandre Bolduc in neutral zone.
1:32 of 2nd period - Snap shot by Colin Wilson.
1:32 of 2nd period - Shot Misses the Net.
1:34 of 2nd period - Snap shot by Jonathan Ferland.
1:34 of 2nd period - Shot Blocked by Ville Koistinen.
2:15 of 2nd period - Snap shot by Mikko Lehtonen.
2:15 of 2nd period - Stopped by Josh Harding without a rebound.
2:16 of 2nd period - Colin Wilson wins face-off versus Chris Bourque in Inferno zone.
2:18 of 2nd period - Minor Penalty to Jonathan Ferland for High sticking.
2:19 of 2nd period - Brian Boyle wins face-off versus Alexandre Bolduc in Inferno zone.
2:23 of 2nd period - Travis Hamonic is hit by Jakob Silfverberg and loses puck.
3:08 of 2nd period - Shaun Heska is hit by Stephane Veilleux and loses puck.
3:26 of 2nd period - Icing by Richard Panik.
3:27 of 2nd period - Artem Anisimov wins face-off versus Brian Boyle in Gangsters zone.
4:18 of 2nd period - Penalty to Jonathan Ferland is over, Jonathan Ferland is back on ice.
4:25 of 2nd period - Stephane Veilleux is hit by Brock Bradford and loses puck.
4:49 of 2nd period - Icing by Travis Hamonic.
4:50 of 2nd period - Artem Anisimov wins face-off versus Cal O'Reilly in Inferno zone.
4:58 of 2nd period - Off-side.
4:59 of 2nd period - Richard Panik wins face-off versus Colin Wilson in neutral zone.
5:04 of 2nd period - Wrist shot by Jaroslav Balastik.
5:04 of 2nd period - Deflect By Artem Anisimov.
5:04 of 2nd period - Stopped by Josh Harding with a rebound.
5:41 of 2nd period - Snap shot by Artem Anisimov.
5:41 of 2nd period - Stopped by Josh Harding with a rebound.
5:54 of 2nd period - Wrist shot by Artem Anisimov.
5:54 of 2nd period - Shot Misses the Net.
5:56 of 2nd period - Wrist shot by Jaroslav Balastik.
5:56 of 2nd period - Shot Misses the Net.
5:58 of 2nd period - Slapshot by Michael Sdao.
5:58 of 2nd period - Stopped by Josh Harding without a rebound.
5:59 of 2nd period - Colin Wilson wins face-off versus Alexandre Bolduc in Inferno zone.
6:12 of 2nd period - Wrist shot by Jonathan Ferland.
6:12 of 2nd period - Shot Misses the Net.
6:45 of 2nd period - Snap shot by Cal O'Reilly.
6:45 of 2nd period - Shot Blocked by Ville Koistinen.
6:47 of 2nd period - Snap shot by Cal O'Reilly.
6:47 of 2nd period - Deflect By Matt Kassian.
6:47 of 2nd period - Shot Blocked by Chris Bourque.
6:47 of 2nd period - Puck is out of play.
6:48 of 2nd period - Alexandre Bolduc wins face-off versus Cal O'Reilly in Gangsters zone.
7:17 of 2nd period - Snap shot by Ville Koistinen.
7:17 of 2nd period - Shot Blocked by Cal O'Reilly.
7:43 of 2nd period - Off-side.
7:44 of 2nd period - Colin Wilson wins face-off versus Alexandre Bolduc in neutral zone.
8:17 of 2nd period - Minor Penalty to Michael Sdao for Hooking.
8:18 of 2nd period - Igor Radulov wins face-off versus Colin Wilson in Gangsters zone.
8:44 of 2nd period - Jaroslav Balastik is hit by Stephane Veilleux.
10:17 of 2nd period - Penalty to Michael Sdao is over, Michael Sdao is back on ice.
10:25 of 2nd period - Off-side.
10:26 of 2nd period - Maxime Sauvé wins face-off versus Brian Boyle in neutral zone.
10:28 of 2nd period - Off-side.
10:29 of 2nd period - Maxime Sauvé wins face-off versus Brian Boyle in neutral zone.
10:42 of 2nd period - Wrist shot by Dave Dziurzynski.
10:42 of 2nd period - Shot Misses the Net.
10:44 of 2nd period - Snap shot by Ryan Keller.
10:44 of 2nd period - Shot Blocked by Pavel Vorobiev.
11:06 of 2nd period - Brendan Mikkelson is hit by Igor Radulov and loses puck.
12:02 of 2nd period - Slapshot by Jakob Silfverberg.
12:02 of 2nd period - Stopped by Josh Harding with a rebound.
12:04 of 2nd period - Slapshot by Bryan Young.
12:04 of 2nd period - Stopped by Josh Harding without a rebound.
12:05 of 2nd period - Colin Wilson wins face-off versus Alexandre Bolduc in Inferno zone.
12:11 of 2nd period - Alexandre Bolduc is hit by Andrej Sekera and loses puck.
12:28 of 2nd period - Vladimir Sobotka is hit by Shaun Heska and loses puck.
12:39 of 2nd period - Slapshot by Andrej Sekera.
12:39 of 2nd period - Stopped by David LeNeveu with a rebound.
12:57 of 2nd period - Wrist shot by Jaroslav Balastik.
12:57 of 2nd period - Shot Misses the Net.
13:15 of 2nd period - Alexandre Bolduc is hit by David Ullstrom and loses puck.
13:20 of 2nd period - Slapshot by Brian Boyle.
13:20 of 2nd period - Goal by Brian Boyle - Inferno : 3 - Gangsters : 2.
13:21 of 2nd period - Igor Radulov wins face-off versus Colin Wilson in neutral zone.
13:21 of 2nd period - Jakob Silfverberg is hit by Colin Wilson and loses puck.
13:45 of 2nd period - Icing by Bryan Young.
13:46 of 2nd period - Vladimir Sobotka wins face-off versus Artem Anisimov in Gangsters zone.
13:51 of 2nd period - Wrist shot by Stephane Veilleux.
13:51 of 2nd period - Shot Blocked by Artem Anisimov.
14:15 of 2nd period - Jakob Silfverberg is hit by Brad Marchand and loses puck.
14:39 of 2nd period - Slapshot by Andrej Meszaros.
14:39 of 2nd period - Stopped by David LeNeveu with a rebound.
14:55 of 2nd period - Wrist shot by Cal O'Reilly.
14:55 of 2nd period - Shot Blocked by Bryan Young.
14:57 of 2nd period - Snap shot by Mark Mitera.
14:57 of 2nd period - Stopped by David LeNeveu with a rebound.
15:21 of 2nd period - Snap shot by Ville Koistinen.
15:21 of 2nd period - Stopped by Josh Harding with a rebound.
15:39 of 2nd period - Snap shot by Stephane Veilleux.
15:39 of 2nd period - Shot Misses the Net.
15:41 of 2nd period - Slapshot by Stephane Veilleux.
15:41 of 2nd period - Deflect By Jakob Silfverberg.
15:41 of 2nd period - Shot Blocked by Jakob Silfverberg.
15:41 of 2nd period - Puck is out of play.
15:42 of 2nd period - Vladimir Sobotka wins face-off versus Alexandre Bolduc in Gangsters zone.
15:45 of 2nd period - Backhand shot by Vladimir Sobotka.
15:45 of 2nd period - Shot Misses the Net.
15:51 of 2nd period - Snap shot by Vladimir Zharkov.
15:51 of 2nd period - Goal by Vladimir Zharkov - Inferno : 4 - Gangsters : 2.
15:51 of 2nd period - Dustin Tokarski enters game.
15:52 of 2nd period - Alexandre Bolduc wins face-off versus Colin Wilson in neutral zone.
16:39 of 2nd period - Snap shot by Chris Bourque.
16:39 of 2nd period - Stopped by Josh Harding without a rebound.
16:40 of 2nd period - Brian Boyle wins face-off versus Brock Bradford in Inferno zone.
17:24 of 2nd period - Minor Penalty to Andrej Sekera for Hooking.
17:25 of 2nd period - Brian Boyle wins face-off versus Alexandre Bolduc in Inferno zone.
17:47 of 2nd period - Matt Delahey is hit by Brian Boyle and loses puck.
18:00 of 2nd period - Slapshot by Shaun Heska.
18:00 of 2nd period - Shot Misses the Net.
18:02 of 2nd period - Wrist shot by Jaroslav Balastik.
18:02 of 2nd period - Stopped by Josh Harding with a rebound.
18:04 of 2nd period - Snap shot by Artem Anisimov.
18:04 of 2nd period - Shot Misses the Net.
18:06 of 2nd period - Snap shot by Jaroslav Balastik.
18:06 of 2nd period - Shot Misses the Net.
18:08 of 2nd period - Slapshot by Artem Anisimov.
18:08 of 2nd period - Shot Misses the Net.
18:34 of 2nd period - Snap shot by Andrej Meszaros.
18:34 of 2nd period - Stopped by Dustin Tokarski with a rebound.
19:24 of 2nd period - Penalty to Andrej Sekera is over, Andrej Sekera is back on ice.
19:44 of 2nd period - Icing by Michael Sdao.
19:45 of 2nd period - Maxime Sauvé wins face-off versus Cal O'Reilly in Gangsters zone.
Goals for this period are 3 for Inferno vs 0 for Gangsters.
Shots for this period are 9 for Inferno vs 10 for Gangsters.
3rd period
0:01 of 3rd period - Alexandre Bolduc wins face-off versus Colin Wilson in neutral zone.
0:12 of 3rd period - Slapshot by Andrej Sekera.
0:12 of 3rd period - Deflect By Jonathan Ferland.
0:12 of 3rd period - Stopped by Dustin Tokarski with a rebound.
0:26 of 3rd period - Stephane Veilleux is hit by Bryan Young and loses puck.
0:35 of 3rd period - Slapshot by Artem Anisimov.
0:35 of 3rd period - Stopped by Josh Harding without a rebound.
0:36 of 3rd period - Artem Anisimov wins face-off versus Colin Wilson in Inferno zone.
0:49 of 3rd period - Wrist shot by Artem Anisimov.
0:49 of 3rd period - Deflect By Jaroslav Balastik.
0:49 of 3rd period - Shot Misses the Net.
0:49 of 3rd period - Puck is out of play.
0:50 of 3rd period - Alexandre Bolduc wins face-off versus Colin Wilson in Inferno zone.
0:55 of 3rd period - Wrist shot by Jakob Silfverberg.
0:55 of 3rd period - Shot Misses the Net.
0:57 of 3rd period - Slapshot by Ville Koistinen.
0:57 of 3rd period - Stopped by Josh Harding without a rebound.
0:58 of 3rd period - Colin Wilson wins face-off versus Alexandre Bolduc in Inferno zone.
1:04 of 3rd period - Icing by Jakob Silfverberg.
1:05 of 3rd period - Brad Marchand wins face-off versus Alexandre Bolduc in Gangsters zone.
1:16 of 3rd period - Snap shot by Jakob Silfverberg.
1:16 of 3rd period - Stopped by Josh Harding without a rebound.
1:17 of 3rd period - Alexandre Bolduc wins face-off versus Colin Wilson in Inferno zone.
1:25 of 3rd period - Icing by Yannick Weber.
1:26 of 3rd period - Colin Wilson wins face-off versus Alexandre Bolduc in Inferno zone.
1:40 of 3rd period - Off-side.
1:41 of 3rd period - Vladimir Sobotka wins face-off versus Artem Anisimov in neutral zone.
2:09 of 3rd period - Off-side.
2:10 of 3rd period - Jakob Silfverberg wins face-off versus Jonathan Ferland in neutral zone.
2:20 of 3rd period - Off-side.
2:21 of 3rd period - Igor Radulov wins face-off versus Colin Wilson in neutral zone.
2:36 of 3rd period - Snap shot by Alexandre Bolduc.
2:36 of 3rd period - Deflect By Igor Radulov.
2:36 of 3rd period - Shot Misses the Net.
2:36 of 3rd period - Puck is out of play.
2:37 of 3rd period - Artem Anisimov wins face-off versus Vladimir Sobotka in Inferno zone.
3:10 of 3rd period - Snap shot by Stephane Veilleux.
3:10 of 3rd period - Stopped by Dustin Tokarski without a rebound.
3:11 of 3rd period - Colin Wilson wins face-off versus Alexandre Bolduc in Gangsters zone.
3:16 of 3rd period - Snap shot by Colin Wilson.
3:16 of 3rd period - Shot Misses the Net.
4:04 of 3rd period - Snap shot by Maxime Sauvé.
4:04 of 3rd period - Stopped by Josh Harding with a rebound.
4:24 of 3rd period - Snap shot by Mikko Lehtonen.
4:24 of 3rd period - Shot Misses the Net.
5:47 of 3rd period - Slapshot by Ville Koistinen.
5:47 of 3rd period - Shot Blocked by David Ullstrom.
5:49 of 3rd period - Snap shot by Maxime Sauvé.
5:49 of 3rd period - Shot Misses the Net.
6:03 of 3rd period - Snap shot by Brad Marchand.
6:03 of 3rd period - Shot Misses the Net.
6:05 of 3rd period - Slapshot by Andrej Meszaros.
6:05 of 3rd period - Deflect By Shaun Heska.
6:05 of 3rd period - Stopped by Dustin Tokarski without a rebound.
6:06 of 3rd period - Igor Radulov wins face-off versus Vladimir Sobotka in Gangsters zone.
6:21 of 3rd period - Wrist shot by Stephane Veilleux.
6:21 of 3rd period - Shot Misses the Net.
6:31 of 3rd period - Jonathan Ferland is hit by Artem Anisimov and loses puck.
6:57 of 3rd period - Wrist shot by Brian Boyle.
6:57 of 3rd period - Stopped by Dustin Tokarski with a rebound.
6:59 of 3rd period - Snap shot by David Ullstrom.
6:59 of 3rd period - Shot Blocked by Mikko Lehtonen.
7:01 of 3rd period - Snap shot by Brian Boyle.
7:01 of 3rd period - Shot Misses the Net.
7:03 of 3rd period - Wrist shot by David Ullstrom.
7:03 of 3rd period - Goal by David Ullstrom - Inferno : 5 - Gangsters : 2.
7:04 of 3rd period - Igor Radulov wins face-off versus Colin Wilson in neutral zone.
7:18 of 3rd period - Snap shot by Colin Wilson.
7:18 of 3rd period - Shot Misses the Net.
7:20 of 3rd period - Slapshot by Travis Hamonic.
7:20 of 3rd period - Stopped by Dustin Tokarski with a rebound.
7:30 of 3rd period - Slapshot by Andrej Meszaros.
7:30 of 3rd period - Stopped by Dustin Tokarski without a rebound.
7:31 of 3rd period - Vladimir Sobotka wins face-off versus Artem Anisimov in Gangsters zone.
7:36 of 3rd period - Slapshot by Vladimir Sobotka.
7:36 of 3rd period - Stopped by Dustin Tokarski without a rebound.
7:37 of 3rd period - Alexandre Bolduc wins face-off versus Colin Wilson in Gangsters zone.
7:37 of 3rd period - Alexandre Bolduc is hit by Andrej Meszaros.
7:44 of 3rd period - Icing by Jonathan Ferland.
7:45 of 3rd period - Colin Wilson wins face-off versus Alexandre Bolduc in Inferno zone.
7:45 of 3rd period - Colin Wilson is hit by Igor Radulov.
8:10 of 3rd period - Bryan Young is hit by Jonathan Ferland and loses puck.
8:32 of 3rd period - Andrej Meszaros is hit by Ville Koistinen.
8:37 of 3rd period - Minor Penalty to Colin Wilson for Roughing.
8:38 of 3rd period - Jonathan Ferland wins face-off versus Artem Anisimov in Inferno zone.
10:14 of 3rd period - Slapshot by Ville Koistinen.
10:14 of 3rd period - Stopped by Josh Harding without a rebound.
10:15 of 3rd period - Chris Bourque wins face-off versus Vladimir Sobotka in Inferno zone.
10:22 of 3rd period - Wrist shot by Chris Bourque.
10:22 of 3rd period - Stopped by Josh Harding with a rebound.
10:24 of 3rd period - Wrist shot by Chris Bourque.
10:24 of 3rd period - Stopped by Josh Harding with a rebound.
10:26 of 3rd period - Slapshot by Ryan Keller.
10:26 of 3rd period - Stopped by Josh Harding without a rebound.
10:27 of 3rd period - Alexandre Bolduc wins face-off versus Brian Boyle in Inferno zone.
10:37 of 3rd period - Penalty to Colin Wilson is over, Colin Wilson is back on ice.
10:53 of 3rd period - Snap shot by Stephane Veilleux.
10:53 of 3rd period - Goal by Stephane Veilleux - Inferno : 6 - Gangsters : 2.
10:54 of 3rd period - Colin Wilson wins face-off versus Alexandre Bolduc in neutral zone.
10:56 of 3rd period - Travis Hamonic is hit by Jakob Silfverberg.
11:28 of 3rd period - Snap shot by Artem Anisimov.
11:28 of 3rd period - Stopped by Josh Harding without a rebound.
11:29 of 3rd period - Artem Anisimov wins face-off versus Vladimir Sobotka in Inferno zone.
11:33 of 3rd period - Icing by Mark Mitera.
11:34 of 3rd period - Alexandre Bolduc wins face-off versus Vladimir Sobotka in Inferno zone.
11:34 of 3rd period - Alexandre Bolduc is hit by Vladimir Sobotka.
11:44 of 3rd period - Snap shot by Igor Radulov.
11:44 of 3rd period - Shot Misses the Net.
11:46 of 3rd period - Snap shot by Ville Koistinen.
11:46 of 3rd period - Deflect By Stephane Veilleux.
11:46 of 3rd period - Stopped by Josh Harding without a rebound.
11:47 of 3rd period - Alexandre Bolduc wins face-off versus Colin Wilson in Inferno zone.
11:56 of 3rd period - Slapshot by Igor Radulov.
11:56 of 3rd period - Shot Blocked by Yannick Weber.
11:58 of 3rd period - Slapshot by Alexandre Bolduc.
11:58 of 3rd period - Shot Misses the Net.
12:09 of 3rd period - Minor Penalty to Brad Marchand for Holding.
12:10 of 3rd period - Brian Boyle wins face-off versus Alexandre Bolduc in Inferno zone.
12:23 of 3rd period - Wrist shot by Alexandre Bolduc.
12:23 of 3rd period - Goal by Alexandre Bolduc - Inferno : 6 - Gangsters : 3.
12:24 of 3rd period - Igor Radulov wins face-off versus Colin Wilson in neutral zone.
12:51 of 3rd period - Ville Koistinen is hit by Stephane Veilleux and loses puck.
14:07 of 3rd period - Minor Penalty to Vladimir Zharkov for Hooking.
14:08 of 3rd period - Alexandre Bolduc wins face-off versus Brian Boyle in Inferno zone.
14:11 of 3rd period - Slapshot by Alexandre Bolduc.
14:11 of 3rd period - Shot Misses the Net.
14:41 of 3rd period - Slapshot by Bryan Young.
14:41 of 3rd period - Shot Misses the Net.
16:07 of 3rd period - Penalty to Vladimir Zharkov is over, Vladimir Zharkov is back on ice.
16:10 of 3rd period - Snap shot by Cal O'Reilly.
16:10 of 3rd period - Stopped by Dustin Tokarski with a rebound.
16:22 of 3rd period - Brendan Mikkelson is hit by Shaun Heska and loses puck.
16:33 of 3rd period - Backhand shot by Stephane Veilleux.
16:33 of 3rd period - Stopped by Dustin Tokarski with a rebound.
16:53 of 3rd period - Wrist shot by Brad Marchand.
16:53 of 3rd period - Stopped by Dustin Tokarski without a rebound.
16:54 of 3rd period - Brock Bradford wins face-off versus Colin Wilson in Gangsters zone.
17:05 of 3rd period - Wrist shot by Chris Bourque.
17:05 of 3rd period - Stopped by Josh Harding without a rebound.
17:06 of 3rd period - Stephane Veilleux wins face-off versus Artem Anisimov in Inferno zone.
17:06 of 3rd period - Stephane Veilleux is hit by Michael Sdao.
17:18 of 3rd period - Wrist shot by Vladimir Zharkov.
17:18 of 3rd period - Stopped by Dustin Tokarski without a rebound.
17:19 of 3rd period - Colin Wilson wins face-off versus Alexandre Bolduc in Gangsters zone.
17:28 of 3rd period - Snap shot by Brad Marchand.
17:28 of 3rd period - Shot Blocked by Jakob Silfverberg.
17:30 of 3rd period - Slapshot by Andrej Sekera.
17:30 of 3rd period - Deflect By Ville Koistinen.
17:30 of 3rd period - Stopped by Dustin Tokarski without a rebound.
17:31 of 3rd period - Colin Wilson wins face-off versus Jakob Silfverberg in Gangsters zone.
17:44 of 3rd period - Colin Wilson is hit by Jakob Silfverberg.
18:27 of 3rd period - Minor Penalty to Vladimir Sobotka for Holding.
18:28 of 3rd period - Artem Anisimov wins face-off versus Brian Boyle in Inferno zone.
18:58 of 3rd period - Brian Boyle is hit by Bryan Young and loses puck.
19:05 of 3rd period - Slapshot by Jaroslav Balastik.
19:05 of 3rd period - Stopped by Josh Harding with a rebound.
19:26 of 3rd period - Snap shot by Bryan Young.
19:26 of 3rd period - Shot Misses the Net.
19:28 of 3rd period - Snap shot by Ville Koistinen.
19:28 of 3rd period - Shot Blocked by Andrej Meszaros.
19:30 of 3rd period - Snap shot by Ville Koistinen.
19:30 of 3rd period - Deflect By Jaroslav Balastik.
19:30 of 3rd period - Shot Misses the Net.
19:30 of 3rd period - Puck is out of play.
19:31 of 3rd period - Brad Marchand wins face-off versus Alexandre Bolduc in Inferno zone.
Goals for this period are 2 for Inferno vs 1 for Gangsters.
Shots for this period are 14 for Inferno vs 13 for Gangsters.
Output by the SimonT Hockey Simulator (STHS) for François Prévost -- Original Page W3C XHTML 1.0 Valid